 Dungeon Crawl Stone Soup version 0.23-a0-207-g93a313e (webtiles) character file.

528 Amnesiac the Magician (level 7, -4/50 HPs)
             Began as a Mummy Wanderer on Sept 25, 2018.
             Slain by a revenant (17 damage)
             ... on level 1 of the Abyss.
             The game lasted 00:05:37 (2903 turns).

Amnesiac the Magician (Mummy Wanderer)              Turns: 2903, Time: 00:05:38

Health: -4/50      AC:  7    Str: 14    XL:     7   Next: 3%
Magic:  16/16      EV: 10    Int: 15    God:
Gold:   98         SH:  0    Dex: 11    Spells: 18/18 levels left

rFire    x . .     SeeInvis .   a - +0 hand axe
rCold    + . .     Gourm    .   (no shield)
rNeg     + + +     Faith    .   c - +0 ring mail
rPois    ∞         Spirit   .   (no helmet)
rElec    .         Reflect  .   (no cloak)
rCorr    .         Harm     .   (no gloves)
MR       .....                  h - +1 pair of boots (curse)
Stlth    +.........             f - amulet of magic regeneration
HPRegen  0.16/turn              (no ring)
MPRegen  0.40/turn              (no ring)

@: no status effects
A: no food or potions, fire vulnerability, cold resistance 1, negative energy
resistance 3, torment resistance, unbreathing
a: no special abilities


You were on level 1 of the Abyss.
You were not hungry.

You visited 1 branch of the dungeon, and saw 5 of its levels.
You visited the Abyss 1 time.

You collected 98 gold pieces.

Inventory:

Hand Weapons
 a - a +0 hand axe (weapon)
 b - a +2 blowgun
Missiles
 g - 7 poisoned needles
Armour
 c - a +0 ring mail (worn)
 h - a cursed +1 pair of boots (worn)
Jewellery
 f - an amulet of magic regeneration (around neck)
Wands
 d - a wand of digging (8)


   Skills:
 - Level 2.0 Fighting
 - Level 1.5(1.7) Axes
   Level 1.0(1.4) Maces & Flails
 - Level 1.0 Throwing
 - Level 2.4 Armour
   Level 1.0 Shields
 * Level 6.3 Spellcasting
 - Level 4.0 Evocations


You had 18 spell levels left.
You didn't know any spells.
Your spell library was empty.

Dungeon Overview and Level Annotations

Branches:
Dungeon (5/15)
 Temple: D:4-7

Altars:
Makhleb
Xom

Shops:
D:4 !


Innate Abilities, Weirdness & Mutations

You do not eat or drink.
Your flesh is vulnerable to fire.
You are immune to poison.
Your flesh is cold resistant. (rC+)
You are immune to negative energy. (rN+++)
You are immune to unholy pain and torment.
You can survive without breathing.


Message History

There is an open door here.
HP restored.
Key pressed, stopping explore.
A wraith comes into view.
Found a blowgun.
The wraith hits you.
Found a ration.
You see here 43 gold pieces.
You now have 98 gold pieces (gained 43).
The wraith closely misses you.
Wield which item (- for none, * to show all)? (? for menu, Esc to quit)
Okay, then.
Found 2 tomahawks of dispersal.
The wraith hits you but does no damage.
A ynoxinul comes into view.
The small abomination barely misses you.
A hell hound comes into view.
An ancient zyme comes into view.
Found a bubbling sapphire potion.
The small abomination hits you.
The small abomination hits you but does no damage.
The small abomination hits you. The hell hound barely misses you.
The hell hound bites you! The small abomination hits you!
* * * LOW HITPOINT WARNING * * *
The hell hound bites you.
* * * LOW HITPOINT WARNING * * *
Really read
e - a scroll of teleportation {!r}?
As you read the scroll of teleportation {!r}, it crumbles to dust.
You feel strangely unstable.
You feel the power of the Abyss delaying your translocation!
The hell hound barely misses you.
A neqoxec comes into view.
Really read
i - a scroll labeled HELUSHR TOSIUZU {!r}?
As you read the scroll labeled HELUSHR TOSIUZU {!r}, it crumbles to dust.
It is a scroll of enchant armour.
Your cursed +0 pair of boots glows green for a moment.
The neqoxec shouts!
The hell hound completely misses you. The hell hound bites you.
* * * LOW HITPOINT WARNING * * *
Really read
j - a scroll labeled LUFAEM ROXKOO {!r}?
As you read the scroll labeled LUFAEM ROXKOO {!r}, it crumbles to dust.
You hear roaring flames.
It was a scroll of random uselessness {!r}.
The hell hound bites you but does no damage.
The ynoxinul bellows!
The hell hound closely misses you. The hell hound bites you.
* * * LOW HITPOINT WARNING * * *
The hell hound breathes flames at you. The blast of flame hits you!
The fire burns you terribly!
* * * LOW HITPOINT WARNING * * *
You are suddenly pulled into a different region of the Abyss!
You start resting.
A ynoxinul comes into view.
A shadow imp comes into view.
The shadow imp shouts, "Leave, thou yeasty fool-headed wrapping tissue!"
The revenant shouts!
You hear a bellow!
The revenant conjures spectral mists around you.
The spectral mist engulfs you!
A revenant is nearby!
Your ring mail prevents you from hitting the revenant.
The revenant hits you!
You die...

. #5 .# ###
.. .# #@#
.#. #L# ###
#.. #.# #
... #.####.#
. # ..#
#....#5#...
.
#.##..##...#
#.......###
#...#.# ...#
#
##..#.....#


You could see a revenant and a shadow imp.

Vanquished Creatures
  An ogre (D:3)
  A big kobold (D:4)
  A crimson imp (D:4)
  2 orc priests (D:4)
  5 hounds
  An iguana (D:4)
  A worker ant (D:4)
  5 adders
  A worm (D:4)
  3 leopard geckos (D:4)
  4 orcs (D:4)
  2 ball pythons
  3 bats
  A giant cockroach (D:4)
  3 goblins
  3 hobgoblins
  A ball python skeleton (D:4)
  2 frilled lizards
  3 kobolds (D:1)
  4 rats
47 creatures vanquished.

Notes
Turn   | Place    | Note
-------+----------+-------------------------------------------
     0 | D:1      | Amnesiac the Mummy Wanderer began the quest for the Orb.
     0 | D:1      | Amnesiac set off with: a curare-tipped needle, a +2
                  | blowgun, a +0 ring mail, a +0 hand axe
     0 | D:1      | Reached XP level 1. HP: 16/16 MP: 1/1
    33 | D:1      | Reached skill level 1 in Spellcasting
    82 | D:1      | Reached skill level 2 in Spellcasting
   140 | D:1      | Reached XP level 2. HP: 12/22 MP: 5/5
   369 | D:2      | Found a burning altar of Makhleb.
   388 | D:2      | Reached skill level 3 in Spellcasting
   388 | D:2      | Reached XP level 3. HP: 22/27 MP: 6/8
   492 | D:3      | Reached skill level 4 in Spellcasting
   585 | D:4      | Reached XP level 4. HP: 33/33 MP: 8/10
   590 | D:4      | Found Omudarch's Distillery.
   593 | D:4      | Noticed an ogre
   842 | D:3      | Killed an ogre
   842 | D:3      | Reached XP level 5. HP: 38/38 MP: 12/12
  1072 | D:4      | Reached XP level 6. HP: 2/44 MP: 13/13
  1453 | D:4      | Reached skill level 5 in Spellcasting
  1712 | D:5      | Entered Level 5 of the Dungeon
  1907 | D:4      | Reached skill level 6 in Spellcasting
  2470 | D:4      | Reached XP level 7. HP: 24/50 MP: 16/16
  2709 | D:4      | Found a shimmering altar of Xom.
  2747 | D:4      | Cast into level 1 of the Abyss (crimson imp)
  2803 | Abyss:1  | Noticed a wraith
  2821 | Abyss:1  | Noticed a ynoxinul
  2824 | Abyss:1  | Noticed an ancient zyme
  2836 | Abyss:1  | Noticed a neqoxec
  2891 | Abyss:1  | Noticed a ynoxinul
  2893 | Abyss:1  | Noticed a revenant
  2903 | Abyss:1  | Slain by a revenant

Vault maps used:
D:1:      minmay_arrival_four_houses, bh_walls_and_bars
D:2:      first_ration, makhleb_heckhound_becter
D:4:      serial_shops, shop, led_xom_imps
D:5:      old_standard_altar, nicolae_overflow_crystal_walls, zin_statuary,
          grunt_temple_overflow_open, uniq_blork_the_orc

Skill      XL: |  1  2  3  4  5  6 |
---------------+-------------------+-----
Spellcasting   | 2 3 4 6 |  6.3
Evocations     | 2 3 4 |  4.0
Fighting       | |  2.0
Axes           | |  1.5
Maces & Flails | |  1.0
Throwing       | |  1.0
Armour         | |  2.4
Shields        | |  1.0

Action                   |  1- 3 |  4- 6 |  7- 9 || total
-------------------------+-------+-------+-------++-------
Melee: Hand axe          |    65 |   193 |    23 ||   281
 Fire: Blowgun           |     1 |       |       ||     1
Evoke: Wand              |       |    10 |       ||    10
  Use: Scroll            |     1 |     3 |     3 ||     7
Armor: Ring mail         |    23 |    82 |    20 ||   125
Dodge: Dodged            |    51 |   129 |    20 ||   200

Table legend:
 A = Non-vault XP
 B = Vault XP
 C = Vault XP percentage of total XP
 D = Non-vault monster count
 E = Vault monster count
 F = Vault count percentage of total count
                 A         B        C        D         E       F
            +---------+---------+-------+---------+---------+-------
      Total |     715 |      40 |   5.3 |      46 |       1 |   2.1
            +---------+---------+-------+---------+---------+-------
        D:1 |      15 |       0 |   0.0 |      11 |       0 |   0.0
        D:2 |       2 |      40 |  95.2 |       1 |       1 |  50.0
        D:3 |     155 |       0 |   0.0 |       8 |       0 |   0.0
        D:4 |     543 |       0 |   0.0 |      26 |       0 |   0.0
            +---------+---------+-------+---------+---------+-------
